 Dungeon Crawl Stone Soup version 0.24.0-124-g2791043dd8 (webtiles) character file.

Game seed: 7805891710752939481, levelgen mode: deterministic

71117 Lemonice the Stormcaller (level 15, -4/82 HPs)
             Began as a Tengu Air Elementalist on Feb 16, 2020.
             Was a High Priest of Vehumet.
             Killed from afar by Jorgrun (40 damage)
             ... with an iron shot
             ... on level 2 of the Shoals.
             The game lasted 02:34:29 (31669 turns).

Lemonice the Stormcaller (Tengu Air Elementalist)  Turns: 31669, Time: 02:34:30

Health: -4/82      AC: 31    Str:  9    XL:     15   Next: 35%
Magic:  15/49      EV: 10    Int: 22    God:    Vehumet [*****.]
Gold:   1527       SH:  0    Dex: 16    Spells: 1/42 levels left

rFire    . . .     SeeInvis +   w - staff of power
rCold    . . .     Gourm    .   (no shield)
rNeg     + + +     Faith    .   o - +6 scale mail of the Frog {rN+ Dex+2}
rPois    +         Spirit   .   U - +1 hat
rElec    .         Reflect  .   y - +4 cloak of Qifiadie {+Blink rN+}
rCorr    .         Harm     .   L - +1 pair of gloves "Zotsed" {rPois rN+ MR-}
MR       .....     Clarity  +   (boots unavailable)
Stlth    +.........             (no amulet)
HPRegen  0.23/turn              G - ring of see invisible
MPRegen  0.31/turn              O - ring of Robustness {AC+8}

@: grasped by roots, flying quickly and evasively, constricted, quick
A: beak, talons 3, repulsion field 1, clarity, MP-powered wands, able to fly
a: Stop Flying, Renounce Religion, Evoke Blink


You were on level 2 of the Shoals.
You worshipped Vehumet.
Vehumet was extremely pleased with you.
You were not hungry.

You visited 5 branches of the dungeon, and saw 25 of its levels.
You also visited: Sewer, Gauntlet and Volcano.

You collected 2512 gold pieces.
You spent 985 gold pieces at shops.

Inventory:

Hand Weapons
 x - a +4 quarterstaff of chaos
Missiles
 D - 29 boomerangs (quivered)
 H - 378 arrows
 Y - 2 throwing nets
Armour
 o - the +6 scale mail of the Frog (worn) {rN+ Dex+2}
   (You found it on level 2 of the Lair of Beasts)

   It affects your dexterity (+2).
   It protects you from negative energy.
 y - the +4 cloak of Qifiadie (worn) {+Blink rN+}
   (You bought it in a shop on level 1 of the Shoals)

   It protects you from negative energy.
   It lets you blink.
 K - the +1 robe of Inaction {rC+ Dex+3}
   (You found it on level 7 of the Dungeon)

   It affects your dexterity (+3).
   It protects you from cold.
 L - the +1 pair of gloves "Zotsed" (worn) {rPois rN+ MR-}
   (You found it in a Gauntlet)

   It protects you from poison.
   It protects you from negative energy.
   It affects your resistance to hostile enchantments.
 U - a +1 hat (worn)
Magical Staves
 w - an uncursed staff of power (weapon)
Jewellery
 b - an uncursed ring of protection from cold
 d - an uncursed ring of resist corrosion
 F - an uncursed ring of positive energy
 G - a ring of see invisible (left hand)
 O - the ring of Robustness (right hand) {AC+8}
   (You found it on level 7 of the Dungeon)

   [ring of protection]

   It affects your AC (+8).
 Q - an uncursed ring of magical power
 Z - an uncursed amulet of guardian spirit
Wands
 e - a wand of iceblast (34)
 M - a wand of enslavement (6)
 S - a wand of polymorph (12)
Scrolls
 g - a scroll of torment {unknown}
 h - 2 scrolls of enchant armour {unknown}
 k - 10 scrolls of remove curse
 l - 6 scrolls of enchant weapon
 p - a scroll of magic mapping
 r - 11 scrolls of teleportation
 t - 4 scrolls of fear
 u - a scroll of immolation
 z - 7 scrolls of amnesia
 N - 2 scrolls of identify
 R - 2 scrolls of silence {unknown}
 T - a scroll of brand weapon {unknown}
 V - a scroll of vulnerability
 W - a scroll of holy word
 X - a scroll of acquirement {unknown}
Potions
 i - 4 potions of ambrosia
 j - a potion of brilliance
 m - 6 potions of curing
 n - 3 potions of mutation
 q - 2 potions of magic
 s - 4 potions of might
 A - a potion of haste
 B - 2 potions of resistance
 C - 2 potions of berserk rage
 P - 3 potions of agility
Miscellaneous
 a - a fan of gales
 J - a sack of spiders
Comestibles
 c - 8 rations


   Skills:
 - Level 5.1 Fighting
 - Level 5.7 Staves
 + Level 9.9 Armour
 - Level 2.5 Dodging
 - Level 2.0 Stealth
 + Level 14.0 Spellcasting
 + Level 14.3 Conjurations
 - Level 0.1 Hexes
 * Level 2.8 Summonings
 - Level 1.0 Necromancy
 - Level 1.0 Translocations
   Level 0.5 Transmutations
 + Level 17.8 Air Magic
 - Level 0.2 Poison Magic


You had one spell level left.
You knew the following spells:

 Your Spells              Type           Power        Failure   Level  Hunger
a - Shock                 Conj/Air       ####         1%          1    None
b - Lightning Bolt        Conj/Air       ######....   1%          5    ###....
c - Spellforged Servitor  Conj/Summ      ######....   75%         7    ######.
e - Airstrike             Air            #######...   1%          4    None
f - Animate Skeleton      Necr           N/A          14%         1    None
h - Conjure Ball Lightni  Conj/Air       ######....   1%          6    #####..
i - Fulminant Prism       Conj/Hex       #####.....   3%          4    None
j - Mephitic Cloud        Conj/Pois/Air  ######..     1%          3    None
k - Summon Lightning Spi  Summ/Air       ######..     3%          4    None
l - Blink                 Tloc           N/A          22%         2    None
m - Iskenderun's Mystic   Conj           ######..     1%          4    None

Your spell library contained the following spells:

 Spells                   Type           Power        Failure   Level  Hunger
 Magic Dart               Conj           ####         1%          1    None
 Summon Small Mammal      Summ           ####         7%          1    None
 Apportation              Tloc           ###...       14%         1    None
 Pain                     Necr           ###.         14%         1    None
 Beastly Appendage        Tmut           ###...       17%         1    None
 Confusing Touch          Hex            ###...       21%         1    None
 Corona                   Hex            ###....      21%         1    None
 Swiftness                Chrm/Air       ######..     1%          2    None
 Conjure Flame            Conj/Fire      #####...     1%          3    None
 Static Discharge         Conj/Air       ######..     1%          3    None
 Bolt of Draining         Conj/Necr      #####.....   7%          5    ###....
 Call Imp                 Summ           ####....     10%         2    None
 Freezing Cloud           Conj/Ice/Air   ######....   11%         6    #####..
 Inner Flame              Hex/Fire       ###.....     17%         3    None
 Call Canine Familiar     Summ           ####....     21%         3    None
 Corpse Rot               Necr           N/A          22%         2    None
 Sublimation of Blood     Necr           ###.......   22%         2    None
 Shroud of Golubria       Chrm/Tloc      ###...       26%         2    None
 Sticks to Snakes         Tmut           ###.....     26%         2    None
 Slow                     Hex            ###.....     30%         2    None
 Song of Slaying          Chrm           ###.....     30%         2    None
 Summon Guardian Golem    Hex/Summ       ###.....     34%         3    None
 Vampiric Draining        Necr           ###.......   38%         3    None
 Portal Projectile        Hex/Tloc       ###...       45%         3    None
 Regeneration             Chrm/Necr      ###.......   45%         3    None
 Spider Form              Tmut/Pois      ###.......   50%         3    None
 Spectral Weapon          Hex/Chrm       ###.....     52%         3    None
 Ozocubu's Armour         Chrm/Ice       ###.....     54%         3    None
 Summon Ice Beast         Ice/Summ       ###.....     75%         4    None
 Animate Dead             Necr           N/A          80%         4    None
 Ice Form                 Ice/Tmut       ###.....     88%         4    None
 Cause Fear               Hex            ###.......   90%         4    None
 Leda's Liquefaction      Hex/Erth       ###.......   91%         4    None
 Agony                    Necr           ###.....     98%         5    ###....
 Dispel Undead            Necr           ###.....     98%         5    ###....
 Blade Hands              Tmut           ###.......   99%         5    ###....
 Excruciating Wounds      Chrm/Necr      ###.......   99%         5    ###....
 Death Channel            Necr           ###.......   100%        6    #####..


Dungeon Overview and Level Annotations

Branches:
Dungeon (13/15)            Temple (1/1) D:7            Lair (6/6) D:9
 Shoals (3/4) Lair:4       Spider (0/4) Lair:4        Slime (0/5) Lair:5
    Orc (2/2) D:12            Elf (0/3) Orc:2         Sewer (visited)
Volcano (visited)         Gauntlet (visited)
 Vaults: D:13-14

Altars:
Ashenzari
Cheibriados
Dithmenos
Elyvilon
Fedhas
Gozag
Hepliaklqana
Kikubaaqudgha
Makhleb
Nemelex Xobeh
Okawaru
Qazlal
Ru
Sif Muna
Trog
Uskayaw
Vehumet
Wu Jian
Xom
Yredelemnul
Zin
The Shining One
Beogh

Shops:
D:8 ![}   D:9 *   D:11 (   Orc:2 ([[(   Shoals:1 [   Shoals:3 ?

Annotations:
Lair:6 3 runed translucent doors, barcode's ghost, journeyman HOAs
Shoals:2 Jorgrun


Innate Abilities, Weirdness & Mutations

You have a beak for a mouth.
You have claws for feet.
You can fly continuously.
You are surrounded by a mild repulsion field. (EV +2)
You possess an exceptional clarity of mind.
You expend magic power (3 MP) to strengthen your wands.


Message History

Okay, then.
Casting: Lightning Bolt (safe; 1% risk of failure)
Confirm with . or Enter, or press ? or * to list all spells.
Aiming: Airstrike (safe; 1% risk of failure)
Press: ? - help, Dir - move target cursor, f/p - Jorgrun
Aim: Jorgrun, wielding a staff of earth and wearing a +0 robe (heavily wounded)
The air twists around and strikes Jorgrun!
Jorgrun is severely wounded.
Jorgrun casts a spell next to the plant.
Some rock shatters into small pieces.
Casting: Airstrike (safe; 1% risk of failure)
Confirm with . or Enter, or press ? or * to list all spells.
Aiming: Airstrike (safe; 1% risk of failure)
Press: ? - help, Dir - move target cursor, f/p - Jorgrun
Aim: Jorgrun, wielding a staff of earth and wearing a +0 robe (severely wounded)
The air twists around and strikes Jorgrun.
Jorgrun is severely wounded.
Jorgrun casts a spell at you. The iron shot hits you!!!
You die...

≈≈≈≈≈≈≈≈≈≈≈≈≈≈≈
≈≈≈≈≈≈≈≈≈≈≈≈≈≈≈≈
≈≈≈≈≈≈≈≈≈≈≈≈≈≈≈≈≈
≈≈≈≈≈≈≈≈≈≈≈≈≈≈≈≈≈≈
≈≈≈≈≈≈≈≈≈≈≈≈≈≈≈≈≈≈≈
≈≈≈≈≈≈≈≈≈≈≈≈P≈≈≈P≈≈
≈≈≈≈≈≈P≈..≈≈P≈≈≈≈≈≈
≈≈≈≈≈≈≈P@≈≈≈..≈P≈P≈
≈≈≈≈≈≈≈≈≈≈≈≈≈P≈≈≈≈≈
≈≈≈≈≈......gPP≈≈≈≈≈≈
≈≈≈≈≈≈.....#.≈P≈≈≈P≈.
#≈≈≈≈≈≈.##.##.g≈≈≈≈≈..
#≈≈≈≈≈≈.##..P.PP≈≈≈≈..
#≈≈≈≈≈≈≈...###...≈≈≈.≈
#≈≈≈≈≈≈....###P.P≈≈≈≈≈
.
#≈≈≈≈≈......P.#....≈≈.
≈


You could see Jorgrun and the friendly Jorgrun.

Vanquished Creatures
  An orc warlord (Orc:2)
  A minotaur (Gauntlet)
  Nessos (D:12)
  A fire dragon (Lair:6)
  The ghost of Mandevil the Spear-Bearer, a journeyman OpAK of Lugonu (Lair:4)
  6 hydras
  Erica (D:11)
  A merfolk aquamancer (Shoals:3)
  A centaur warrior (D:13)
  5 two-headed ogres
  A death scarab (Gauntlet)
  Sonja (D:11)
  A fire crab (Gauntlet)
  2 sea snakes
  3 unseen horrors
  A wizard (Volcano)
  An orange crystal statue (Lair:3)
  7 oklob plants
  2 orc knights
  A lindwurm (Lair:6)
  2 orc sorcerers
  A manticore (D:12)
  3 cyclopes
  3 elephants (Lair:6)
  An ugly thing (D:13)
  A black mamba (Lair:6)
  Joseph (D:9)
  2 merfolk sirens
  2 molten gargoyles (Lair:6)
  A torpor snail (Lair:4)
  9 spiny frogs
  2 rime drakes
  10 komodo dragons
  A wind drake (Shoals:2)
  4 jumping spiders (Lair:4)
  4 merfolk
  5 trolls
  8 blink frogs
  3 snapping turtles
  12 hippogriffs
  A shadow (D:12)
  2 redbacks (Lair:4)
  4 water elementals
  2 wyverns (D:11)
  3 fire bats (Gauntlet)
  3 basilisks
  51 yaks
  2 hungry ghosts
  A steam dragon (Lair:6)
  2 vampire mosquitoes (D:13)
  An acid dragon (Gauntlet)
  A soldier ant (D:12)
  6 hell hounds
  9 water moccasins
  Duvessa (D:7)
  3 porcupines
  43 orc warriors
  A spectral torpor snail (Gauntlet)
  4 phantoms
  3 ice beasts
  3 sky beasts
  A black bear (D:11)
  An eye of draining (D:11)
  A necrophage (D:9)
  11 ogres
  2 wolves (Lair:3)
  9 centaurs
  10 crocodiles
  5 big kobolds
  A wyvern zombie (D:8)
  A gnoll sergeant (D:7)
  17 bullfrogs
  Dowan (D:7)
  A wyvern skeleton (D:8)
  3 scorpions
  6 killer bees
  2 electric eels (Lair:6)
  12 wights
  3 howler monkeys
  9 lava snakes
  8 crimson imps
  A centaur zombie (D:9)
  A bullfrog zombie (D:12)
  Crazy Yiuf (D:3)
  21 orc priests
  2 centaur skeletons
  5 hounds
  4 jellies
  35 orc wizards
  A bullfrog skeleton (D:6)
  4 iguanas
  3 worker ants
  2 hound skeletons (D:4)
  A howler monkey skeleton (D:11)
  6 adders
  8 gnolls
  A river rat (D:3)
  3 shadow imps
  8 oozes
  3 adder zombies
  An adder skeleton (D:6)
  8 worms
  A dart slug (D:3)
  3 leopard geckos
  100 orcs
  4 giant cockroaches
  5 goblins
  A hobgoblin (D:2)
  5 jackals
  10 kobolds
  3 quokkas
  5 ball pythons
  8 bats
  3 frilled lizards
  A jackal skeleton (D:7)
  13 rats
  2 fulminant prisms
  2 fungi
  3 plants
652 creatures vanquished.

Vanquished Creatures (collateral kills)
  A hydra (Lair:6)
  Fannar (D:11)
  A two-headed ogre (D:13)
  An elephant (Lair:6)
  A centaur zombie (D:11)
  A black mamba (Lair:6)
  A komodo dragon (Lair:6)
  2 jumping spiders (Lair:4)
  11 yaks
  A hell hound (Lair:6)
  A porcupine (Lair:2)
  3 orc warriors
  4 wolves (Lair:3)
  A crocodile (Lair:3)
  4 bullfrogs
  A scorpion (D:12)
  A wight (D:12)
  4 orcs
  2 kobolds (D:10)
  A fungus (Lair:5)
43 creatures vanquished.

Vanquished Creatures (others)
  43 ball lightnings
  29 fulminant prisms
  25 fungi
  21 plants
118 creatures vanquished.

Grand Total: 813 creatures vanquished

Notes
Turn   | Place    | Note
-------+----------+-------------------------------------------
     0 | D:1      | Lemonice the Tengu Air Elementalist began the quest for the
                  | Orb.
     0 | D:1      | Reached XP level 1. HP: 10/10 MP: 4/4
   205 | D:1      | Reached XP level 2. HP: 12/15 MP: 0/6
   797 | D:2      | Reached XP level 3. HP: 14/19 MP: 0/7
  1252 | D:2      | Reached skill level 5 in Air Magic
  1520 | D:2      | Reached XP level 4. HP: 23/24 MP: 2/9
  1653 | D:3      | Found a glowing drain.
  1663 | Sewer    | Entered a sewer
  2092 | Sewer    | Noticed a big kobold
  2106 | Sewer    | Killed a big kobold
  2106 | Sewer    | Gained mutation: You can fly continuously. [Tengu growth]
  2106 | Sewer    | Reached XP level 5. HP: 28/28 MP: 1/11
  2483 | Sewer    | Noticed a big kobold
  2494 | Sewer    | Killed a big kobold
  2494 | Sewer    | Reached XP level 6. HP: 32/32 MP: 1/12
  2601 | D:3      | Learned a level 5 spell: Lightning Bolt
  2616 | D:3      | Reached skill level 6 in Air Magic
  3148 | D:3      | Found a runed translucent door.
  3149 | D:3      | Noticed Crazy Yiuf
  3155 | D:3      | Learned a level 2 spell: Swiftness
  3180 | D:3      | Killed Crazy Yiuf
  3180 | D:3      | Reached skill level 1 in Staves
  3922 | D:4      | Found a stormy altar of Qazlal.
  4506 | D:5      | Entered Level 5 of the Dungeon
  4652 | D:5      | Reached skill level 1 in Fighting
  4659 | D:5      | Reached XP level 7. HP: 38/38 MP: 7/14
  5133 | D:5      | Found a bloodstained altar of Trog.
  5213 | D:6      | Reached skill level 5 in Conjurations
  5426 | D:6      | Reached XP level 8. HP: 34/44 MP: 2/16
  5582 | D:6      | Reached skill level 7 in Air Magic
  5775 | D:6      | Reached skill level 5 in Spellcasting
  6187 | D:6      | Learned a level 3 spell: Static Discharge
  6192 | D:6      | Learned a level 4 spell: Airstrike
  6763 | D:7      | Found a staircase to the Ecumenical Temple.
  6770 | D:7      | Noticed a two-headed ogre
  6773 | Temple   | Entered the Ecumenical Temple
  6937 | Temple   | Became a worshipper of Vehumet
  7474 | D:7      | Reached skill level 8 in Air Magic
  7556 | D:7      | Reached XP level 9. HP: 50/51 MP: 4/18
  7697 | D:7      | Noticed Duvessa
  7707 | D:7      | Learned a level 1 spell: Animate Skeleton
  7727 | D:7      | Noticed Dowan
  7740 | D:7      | Killed a two-headed ogre
  7977 | D:7      | Got a crude robe
  7988 | D:7      | Identified the +1 robe of Inaction {rC+ Dex+3} (You found
                  | it on level 7 of the Dungeon)
  8055 | D:7      | Found the ring of Robustness {AC+8}
  8245 | D:7      | Killed Duvessa
  8245 | D:7      | Reached skill level 5 in Staves
  8245 | D:7      | Reached skill level 9 in Air Magic
  8259 | D:7      | Killed Dowan
  8632 | D:8      | Noticed a two-headed ogre
  8656 | D:8      | Found Uwuithul's Distillery.
  8660 | D:8      | Found Ateuvyco's Gadget Emporium.
  8670 | D:8      | Killed a two-headed ogre
  8670 | D:8      | Reached skill level 5 in Fighting
  8670 | D:8      | Reached skill level 1 in Necromancy
  8670 | D:8      | Reached XP level 10. HP: 59/59 MP: 0/22
  8869 | D:8      | Reached * piety under Vehumet
  8869 | D:8      | Offered knowledge of Flame Tongue by Vehumet.
  9113 | D:8      | Reached skill level 10 in Air Magic
  9130 | D:8      | Learned a level 1 spell: Confusing Touch
  9204 | D:8      | Bought a potion of haste for 140 gold pieces
  9204 | D:8      | Bought a potion of cancellation for 112 gold pieces
  9204 | D:8      | Bought a potion of heal wounds for 70 gold pieces
  9204 | D:8      | Bought a potion of curing for 42 gold pieces
  9240 | D:8      | Found Eroqet's Antique Armour Emporium.
  9450 | D:8      | Learned a level 2 spell: Sticks to Snakes
  9617 | D:9      | Found Lituun's Assorted Antiques.
  9633 | D:9      | Bought a scroll labeled BETZETTAUMEM for 25 gold pieces
  9633 | D:9      | Bought a scroll labeled NERPHOS NAERO for 25 gold pieces
  9633 | D:9      | Bought a scroll labeled VIOXZI POIR for 25 gold pieces
  9633 | D:9      | Bought a scroll labeled OHOC TOFRO for 25 gold pieces
  9641 | D:9      | Noticed a seven-headed hydra
  9983 | D:9      | Killed a seven-headed hydra
 10150 | D:9      | Noticed Joseph
 10153 | D:9      | Killed Joseph
 10153 | D:9      | Reached skill level 11 in Air Magic
 10338 | D:9      | Found a staircase to the Lair.
 10465 | D:9      | Offered knowledge of Sandblast by Vehumet.
 10546 | D:9      | Reached ** piety under Vehumet
 10697 | D:10     | Entered Level 10 of the Dungeon
 10847 | D:10     | Reached XP level 11. HP: 59/63 MP: 12/25
 11204 | D:10     | Reached skill level 12 in Air Magic
 11459 | D:10     | Noticed an unseen horror
 11465 | D:10     | Killed an unseen horror
 11616 | D:10     | Offered knowledge of Inner Flame by Vehumet.
 12209 | Lair:1   | Entered Level 1 of the Lair of Beasts
 12217 | Lair:1   | Reached skill level 10 in Spellcasting
 12462 | Lair:1   | Noticed an eight-headed hydra
 12467 | Lair:1   | Killed an eight-headed hydra
 12467 | Lair:1   | Reached skill level 13 in Air Magic
 12469 | Lair:1   | Reached *** piety under Vehumet
 13243 | Lair:1   | Reached XP level 12. HP: 55/68 MP: 27/28
 13287 | Lair:1   | Offered knowledge of Fulminant Prism by Vehumet.
 13297 | Lair:1   | Learned a level 4 spell: Fulminant Prism
 13730 | Lair:2   | Found a gate leading to a gauntlet.
 13739 | Gauntlet | Entered a Gauntlet
 13739 | Gauntlet | Found a transporter.
 13739 | Gauntlet | Found a transporter.
 13739 | Gauntlet | Found a runed translucent door.
 13739 | Gauntlet | Found a runed translucent door.
 13739 | Gauntlet | Noticed a death scarab
 13741 | Gauntlet | Found a transporter.
 13741 | Gauntlet | Found a transporter.
 13761 | Gauntlet | Found a transporter.
 13776 | Gauntlet | Found a transporter.
 13777 | Gauntlet | Found a transporter.
 13786 | Gauntlet | Found a transporter.
 13802 | Gauntlet | Found a transporter.
 13816 | Gauntlet | Found a transporter.
 13820 | Gauntlet | Found a transporter.
 13832 | Gauntlet | Found a transporter.
 13892 | Gauntlet | Reached skill level 14 in Air Magic
 13894 | Gauntlet | Killed a death scarab
 13994 | Gauntlet | Identified the Guide on Glacial Self-Improvement
 14000 | Gauntlet | Learned a level 3 spell: Mephitic Cloud
 14005 | Gauntlet | Learned a level 4 spell: Summon Lightning Spire
 14008 | Gauntlet | Learned a level 2 spell: Blink
 14118 | Gauntlet | Reached skill level 1 in Armour
 14123 | Gauntlet | Got a pair of shimmering gloves
 14142 | Gauntlet | Identified the +1 pair of gloves "Zotsed" {rPois rN+ MR-}
                  | (You found it in a Gauntlet)
 14197 | Gauntlet | Identified the cursed +0 hand axe "Segriomp" {freeze, rN+++
                  | Str-5 Int+4 Stlth+}
 14197 | Gauntlet | Noticed a minotaur
 14212 | Gauntlet | Killed a minotaur
 14227 | Gauntlet | Identified the Reference Book on Darkness and Aid
 14247 | Gauntlet | Gained mutation: You expend magic power (3 MP) to
                  | strengthen your wands. [potion of mutation]
 14247 | Gauntlet | Gained mutation: You are surrounded by a mild repulsion
                  | field. (EV +2) [potion of mutation]
 14247 | Gauntlet | Gained mutation: You possess an exceptional clarity of
                  | mind. [potion of mutation]
 14662 | Lair:2   | Reached skill level 1 in Translocations
 14847 | Lair:2   | Reached **** piety under Vehumet
 15448 | Lair:2   | Got a faintly humming scale mail
 15460 | Lair:2   | Identified the +6 scale mail of the Frog {rN+ Dex+2} (You
                  | found it on level 2 of the Lair of Beasts)
 16025 | Lair:3   | Offered knowledge of Iskenderun's Mystic Blast by Vehumet.
 16028 | Lair:3   | Reached skill level 10 in Conjurations
 16238 | Lair:3   | Reached skill level 15 in Air Magic
 16576 | Lair:3   | Reached XP level 13. HP: 72/72 MP: 30/30
 16583 | Lair:3   | Learned a level 4 spell: Iskenderun's Mystic Blast
 17693 | Lair:4   | Found a runed translucent gate.
 17693 | Lair:4   | Found a runed translucent gate.
 17694 | Lair:4   | Found a runed translucent gate.
 17695 | Lair:4   | Noticed Mandevil's ghost (journeyman OpAK)
 17717 | Lair:4   | Killed Mandevil's ghost
 17909 | Lair:4   | Found a hole to the Spider Nest.
 17974 | Lair:4   | Got a turquoise-studded ring mail
 17993 | Lair:4   | Identified the +4 ring mail of Hedge Wizardry {rC++ MP-9
                  | Int+3 Dex-2} (You found it on level 4 of the Lair of
                  | Beasts)
 18061 | Lair:4   | Found a staircase to the Shoals.
 18394 | Lair:5   | Found a dark tunnel.
 18432 | Volcano  | Entered a volcano
 18445 | Volcano  | Reached skill level 5 in Armour
 18455 | Volcano  | HP: 3/72 [something/bolt of lightning (35)]
 19544 | Lair:5   | Reached ***** piety under Vehumet
 19544 | Lair:5   | Offered knowledge of Poison Arrow by Vehumet.
 19621 | Lair:5   | Found a staircase to the Slime Pits.
 20645 | Lair:6   | Entered Level 6 of the Lair of Beasts
 20725 | Lair:6   | Reached skill level 16 in Air Magic
 21357 | Lair:6   | Reached XP level 14. HP: 72/78 MP: 0/32
 22046 | Lair:6   | Found a runed translucent gate.
 22046 | Lair:6   | Found a runed translucent gate.
 22046 | Lair:6   | Found a runed translucent gate.
 22046 | Lair:6   | Noticed barcode's ghost (journeyman HOAs)
 22579 | Lair:6   | Found a large runed translucent door.
 22579 | Lair:6   | Found a large runed translucent door.
 23333 | D:11     | Found Pacuuter's Weapon Emporium.
 23418 | D:11     | Noticed Sonja
 23420 | D:11     | Killed Sonja
 23462 | D:11     | Noticed Erica
 23466 | D:11     | Killed Erica
 23470 | D:11     | Noticed Fannar
 23480 | D:11     | Killed Fannar
 24203 | D:12     | Noticed Nessos
 24714 | D:12     | Killed Nessos
 24714 | D:12     | Reached skill level 17 in Air Magic
 24940 | D:12     | You are sucked into a shaft and drop 1 floor!
 25887 | D:12     | Offered knowledge of Conjure Ball Lightning by Vehumet.
 25918 | D:12     | Learned a level 6 spell: Conjure Ball Lightning
 26258 | D:12     | Found a roughly hewn altar of Beogh.
 26258 | D:12     | Found a staircase to the Orcish Mines.
 26377 | Orc:1    | Entered Level 1 of the Orcish Mines
 27092 | Orc:2    | Entered Level 2 of the Orcish Mines
 27092 | Orc:2    | Found a staircase to the Elven Halls.
 27275 | Orc:2    | Reached XP level 15. HP: 82/82 MP: 20/33
 27521 | Orc:2    | Offered knowledge of Venom Bolt by Vehumet.
 27785 | Orc:2    | Found a roughly hewn altar of Beogh.
 27985 | Orc:2    | Found Usa Suoh's Antique Weapon Boutique.
 28304 | Orc:2    | Noticed an orc warlord
 28347 | Orc:2    | Killed an orc warlord
 28503 | Orc:2    | Found Byplides's Antique Armour Emporium.
 28504 | Orc:2    | Found a roughly hewn altar of Beogh.
 28506 | Orc:2    | Found Faylebil's Antique Weapon Shoppe.
 28527 | Orc:2    | Bought a runed cloak for 255 gold pieces
 29270 | Orc:2    | Found a roughly hewn altar of Beogh.
 29272 | Orc:2    | Found Lisoc's Antique Armour Emporium.
 29305 | Orc:2    | Offered knowledge of Spellforged Servitor by Vehumet.
 29589 | Orc:2    | Learned a level 7 spell: Spellforged Servitor
 29835 | Shoals:1 | Entered Level 1 of the Shoals
 29902 | Shoals:1 | Reached skill level 1 in Summonings
 30289 | Shoals:1 | Found Pias's Antique Armour Shoppe.
 30301 | Shoals:1 | Bought a fine cloak for 266 gold pieces
 30315 | Shoals:1 | Identified the +4 cloak of Qifiadie {+Blink rN+} (You
                  | bought it in a shop on level 1 of the Shoals)
 31066 | Shoals:2 | You are sucked into a shaft and drop 1 floor!
 31304 | Shoals:3 | Found Unytej's Magic Scroll Emporium.
 31655 | Shoals:2 | Noticed Jorgrun
 31669 | Shoals:2 | Killed from afar by Jorgrun

Levels and vault maps discovered:
D:1:      lemuel_arrival_tunnels, layout_rooms, minmay_hedge_maze
D:2:      layout_loops_cross
D:3:      layout_basic, cheibrodos_sewer_entry_sluice, uniq_crazy_yiuf_cottage
D:4:      layout_basic, dk_vineyard_3, hangedman_abyss_or_decor_stabs,
          nicolae_qazlal_eye_of_the_storm
D:5:      layout_rooms, bloody_trog, first_ration
D:6:      layout_basic
D:7:      hangedman_cross_stitches, layout_loops_ring, temple_statues,
          uniq_duvessa
D:8:      layout_rooms, serial_shops, nicolae_shop_waterfront,
          nicolae_shop_crystal, shop
D:9:      layout_roguey, grunt_lair_entry_orc_guard_hut, serial_shops, shop,
          uniq_joseph
D:10:     minmay_skewed_foursquare, layout_rooms
D:11:     layout_long_grid, serial_shops, nicolae_shop_stone, uniq_sonja,
          uniq_fannar, uniq_erica
D:12:     layout_basic, david_orc_5, uniq_nessos
D:13:     layout_roguey
Temple:   roderic_octagonal_lattice_temple
Lair:1:   layout_chaotic_city, ldierk_geyser
Lair:2:   layout_gridlike, gauntlet_entry_generic
Lair:3:   layout_roguey, disabler_island
Lair:4:   layout_regular_city, minmay_shoals_entry_lonely_mermaid,
          nicolae_spider_entry_tight_spaces, ebering_ghost_rock_garden
Lair:5:   layout_layer_cave, minmay_slime_entry_oklob_enclosed, enter_volcano_3
Lair:6:   cheibrodos_lair_end_hotspot, layout_misc_corridors,
          gammafunk_ghost_necromancy, fungi_pond_lemuel, serial_bayou_ford_a,
          eino_small_chamber_without_monster
Shoals:1: layout_shoals, serial_shops, nicolae_shop_waterfront
Shoals:2: layout_shoals, st_sunken_temple, uniq_jorgrun
Shoals:3: layout_shoals, serial_shops, shop_fountains
Orc:1:    layout_caves
Orc:2:    grunt_orc_community_town_hall, layout_diamond_mine,
          grunt_orc_community_big_house_1, grunt_orc_community_big_house_2,
          grunt_orc_community_house_2, grunt_orc_community_house_1,
          grunt_orc_community_house_2, grunt_orc_community_house_1

Skill      XL: |  1  2  3  4  5  6  7  8  9 10 11 12 13 14 15 |
---------------+----------------------------------------------+-----
Conjurations   | 2 3 4 5 6 7 8 9 10 12 13 14 | 14.3
Air Magic      | 5 6 8 9 11 13 15 16 17 | 17.8
Spellcasting   | 3 4 5 7 9 11 12 13 14 | 14.0
Staves         | 1 2 4 5 |  5.7
Fighting       | 1 2 3 5 |  5.1
Necromancy     | 1 |  1.0
Armour         | 3 6 9 |  9.9
Translocations | 1 |  1.0
Summonings     | 2 |  2.8
Dodging        | |  2.5
Stealth        | |  2.0
Hexes          | |  0.1
Transmutations | |  0.5
Poison Magic   | |  0.2

Action                   |  1- 3 |  4- 6 |  7- 9 | 10-12 | 13-15 || total
-------------------------+-------+-------+-------+-------+-------++-------
Melee: Unarmed           |     2 |     6 |       |       |       ||     8
       Kick              |     1 |       |       |    17 |    26 ||    44
       Quarterstaff      |       |       |    10 |     9 |       ||    19
       Peck              |       |       |     1 |     9 |    13 ||    23
       Staff             |       |       |       |    40 |    50 ||    90
 Cast: Shock             |    74 |   157 |   143 |   146 |    48 ||   568
       Lightning Bolt    |       |     1 |    12 |    46 |   214 ||   273
       Swiftness         |       |     1 |       |       |       ||     1
       Airstrike         |       |       |    15 |   199 |   362 ||   576
       Animate Skeleton  |       |       |     4 |    23 |     5 ||    32
       Static Discharge  |       |       |     1 |    42 |    28 ||    71
       Confusing Touch   |       |       |       |     2 |     2 ||     4
       Fulminant Prism   |       |       |       |     9 |    22 ||    31
       Summon Lightning  |       |       |       |     7 |    30 ||    37
       Mephitic Cloud    |       |       |       |     5 |     3 ||     8
       Sticks to Snakes  |       |       |       |     2 |       ||     2
       Blink             |       |       |       |     1 |     5 ||     6
       Conjure Ball Ligh |       |       |       |       |    22 ||    22
 Abil: Fly               |       |     1 |       |       |       ||     1
Evoke: Wand              |       |       |       |     2 |     1 ||     3
       Sack of spiders   |       |       |       |       |     1 ||     1
       Phantom mirror    |       |       |       |       |     1 ||     1
  Use: Scroll            |       |     2 |     3 |    19 |    17 ||    41
       Potion            |       |     2 |     2 |     7 |     5 ||    16
 Stab: Distracted        |       |       |     1 |       |       ||     1
       Confused          |       |       |       |     1 |     3 ||     4
  Eat: Chunk             |     2 |     4 |    10 |    24 |    31 ||    71
       Ration            |       |     2 |     2 |     5 |    13 ||    22
Armor: Robe              |     1 |     4 |     5 |    26 |       ||    36
       Skin              |       |     4 |       |       |       ||     4
       Scale mail        |       |       |       |    13 |   126 ||   139
       Acid dragon scale |       |       |       |    12 |       ||    12
Dodge: Dodged            |    15 |    21 |    35 |    93 |   109 ||   273
